Map: Black Site 2E

Players

Yourself

  • Race: Protoss Protoss
  • Spawn Location: 5:00

mmun

  • Race: Zerg Zerg
  • League: Diamond
  • Spawn Location: 6:00

FAir

  • Race: Protoss Protoss
  • Spawn Location: 3:00

WAZPINATOR - Winner!

  • Race: Zerg Zerg
  • League: Diamond
  • Spawn Location: 12:00

StickLane - Winner!

  • Race: Protoss Protoss
  • Spawn Location: 9:00

MechMyDay - Winner!

  • Race: Terran Terran
  • Spawn Location: 11:00

VOD

Have the link to the VOD?

Description

Time

  • Played on: Aug. 26, 2022, 8:30 p.m.
  • Length: 9:54
Show
View Real Time Build Order
Export as new Build Order

Yourself Protoss 

Build Orders: 1 Gate Expand 

Get SALT Encoding   

  12  0:01  Probe  
  13  0:13  Probe  
  14  0:23  Pylon  
  14  0:25  Probe  
  15  0:41  Probe  
  16  0:44  Gateway  
  16  0:47  Assimilator  
  16  0:54  Probe  
  17  1:06  Probe (Chrono Boost)  
  18  1:17  Probe (Chrono Boost)  
  19  1:22  Probe (Chrono Boost)  
  20  1:32  Probe  
  21  1:44  Nexus, Probe  
  21  1:45  Pylon  
  22  1:55  Cybernetics Core  
  22  1:59  Probe (Chrono Boost)  
  24  2:10  Probe (Chrono Boost)  
  24  2:14  Probe (Chrono Boost)  
  25  2:25  Probe  
  26  2:30  Assimilator  
  26  2:35  Stalker, Gateway  
  26  2:37  Warp Gate, Probe  
  29  2:49  Probe  
  30  3:00  Probe  
  30  3:01  Probe  
  32  3:09  Stalker  
  32  3:12  Probe  
  35  3:14  Probe  
  35  3:16  Robotics Facility  
  36  3:20  Twilight Council  
  36  3:24  Probe  
  36  3:26  Probe  
  38  3:28  Stalker  
  38  3:33  Pylon  
  40  3:36  Probe  
  40  3:38  Probe  
  42  3:54  Stalker  
  44  3:57  Stalker  
  46  4:05  Blink (Chrono Boost)  
  46  4:10  Probe x2  
  48  4:22  Nexus, Probe x2  
  51  4:24  Pylon, Observer  
  51  4:32  Assimilator  
  51  4:34  Probe x2  
  53  4:46  Probe  
  53  4:47  Immortal  
  53  4:48  Pylon  
  53  4:49  Pylon  
  53  4:50  Stalker  
  60  4:53  Probe  
  60  4:58  Probe  
  62  5:06  Probe  
  63  5:08  Stalker  
  63  5:10  Probe  
  66  5:15  Stalker  
  66  5:18  Probe  
  69  5:23  Gateway, Probe  
  69  5:26  Warp Prism  
  69  5:27  Gateway  
  72  5:30  Probe  
  72  5:31  Stalker  
  72  5:35  Probe  
  76  5:42  Stalker  
  78  5:49  Robotics Bay  
  78  5:54  Shield Battery  
  78  5:57  Stalker  
  69  6:10  Stalker  
  49  6:11  Gateway  
  49  6:14  Gateway  
  49  6:15  Pylon  
  40  6:19  Stalker  
  40  6:20  Stalker  
  42  6:30  Stalker  
  37  6:36  Zealot  
  37  6:40  Shield Battery  
  37  6:42  Zealot  
  37  6:43  Zealot  
  35  6:52  Probe x2  
  35  6:53  Probe  
  36  6:55  Zealot, Charge (Chrono Boost)  
  35  7:05  Probe  
  35  7:06  Probe  
  37  7:14  Probe  
  38  7:17  Probe  
  38  7:18  Probe  
  40  7:26  Probe  
  40  7:29  Probe, Zealot  
  44  7:30  Probe, Zealot  
  47  7:38  Zealot x2  
  51  7:49  Probe x3  
  54  7:51  Forge  
  54  8:01  Probe x3  
  54  8:05  Zealot x2  
  61  8:08  Pylon  
  61  8:11  Zealot  
  61  8:12  Zealot  
  64  8:30  Zealot x4  
  64  8:32  Zealot  
  64  8:33  Zealot  
  72  8:54  Zealot  
  72  8:55  Zealot x5  
  71  9:19  Stalker x5  
  71  9:20  Stalker  
  83  9:26  Probe x3  
  86  9:32  Photon Cannon  
  86  9:35  Photon Cannon  
  86  9:38  Probe x2  
Show
View Real Time Build Order
Export as new Build Order

mmun Zerg 

Build Orders: Hatch First 

Get SALT Encoding   

  12  0:00  Drone  
  13  0:13  Overlord  
  13  0:19  Drone  
  14  0:31  Drone x2  
  16  0:51  Hatchery  
  16  0:53  Drone  
  16  1:03  Drone x2  
  19  1:11  Drone  
  19  1:17  Extractor  
  18  1:24  Spawning Pool, Drone  
  18  1:36  Drone  
  18  1:39  Drone  
  20  1:52  Drone  
  21  1:59  Hatchery  
  20  2:07  Drone x2  
  22  2:14  Queen  
  24  2:19  Drone  
  25  2:25  Drone x2  
  27  2:32  Drone  
  27  2:36  Metabolic Boost  
  28  2:49  Overlord x2  
  28  3:09  Drone  
  28  3:11  Drone x5  
  34  3:12  Queen  
  34  3:13  Queen  
  34  3:19  Drone  
  39  3:32  Drone x5  
  39  3:33  Drone  
  45  3:36  Baneling Nest  
  45  3:40  Overlord x2  
  44  3:46  Zergling x6  
  47  3:56  Zergling x6  
  47  4:00  Queen  
  54  4:04  Lair  
  52  4:17  Drone  
  52  4:18  Drone x7  
  52  4:21  Spore Crawler  
  52  4:22  Spore Crawler  
  58  4:24  Drone  
  58  4:26  Drone  
  61  4:31  Drone x4  
  64  4:43  Zergling x4  
  64  4:44  Overlord x2  
  64  4:45  Overlord  
  65  5:01  Zergling x2  
  65  5:07  Zergling x20  
  64  5:13  Zergling x12  
  71  5:28  Queen  
  71  5:30  Queen  
  58  5:38  Zergling x12  
  40  5:46  Zergling x4  
  31  5:54  Zergling x6  
  31  5:55  Zergling x10  
  31  5:56  Baneling  
  31  5:57  Baneling x3  
  39  5:59  Baneling x4  
  39  6:04  Queen  
  40  6:21  Zergling x2  
  40  6:22  Drone x5  
  39  6:30  Baneling x2  
  39  6:32  Drone x3  
  38  6:39  Drone  
  39  6:40  Queen  
  39  6:57  Queen  
  39  7:01  Drone x6  
  43  7:22  Zergling x2  
  43  7:23  Zergling x14  
  50  7:31  Zergling x6  
  50  7:39  Zergling x6  
  20  8:06  Drone  
  20  8:07  Drone x8  
  29  8:18  Baneling x4  
  29  8:27  Baneling x3  
  29  8:28  Baneling  
  29  8:33  Drone  
  28  8:49  Zergling x2  
  28  8:50  Zergling x8  
Show
View Real Time Build Order
Export as new Build Order

FAir Protoss 

Build Orders: Cannon Rush 

Get SALT Encoding   

  12  0:00  Probe  
  13  0:13  Probe  
  14  0:22  Pylon  
  14  0:25  Probe  
  15  0:40  Probe  
  15  0:42  Forge  
  16  0:52  Probe  
  17  1:00  Pylon  
  17  1:04  Probe  
  18  1:16  Probe  
  19  1:21  Pylon  
  19  1:27  Photon Cannon  
  19  1:40  Photon Cannon  
  19  1:41  Photon Cannon  
  19  1:50  Photon Cannon  
  19  1:55  Photon Cannon  
  19  2:11  Probe  
  20  2:24  Probe  
  20  2:28  Assimilator  
  21  2:32  Assimilator  
  21  2:36  Probe  
  22  2:41  Gateway  
  22  2:48  Probe  
  22  3:00  Probe (Chrono Boost)  
  23  3:11  Nexus, Probe (Chrono Boost)  
  24  3:16  Probe (Chrono Boost)  
  25  3:25  Pylon  
  25  3:26  Probe (Chrono Boost)  
  26  3:28  Cybernetics Core  
  26  3:38  Probe (Chrono Boost)  
  27  3:43  Probe (Chrono Boost)  
  28  3:51  Photon Cannon  
  28  3:53  Probe (Chrono Boost)  
  29  4:01  Probe (Chrono Boost)  
  30  4:07  Probe  
  31  4:10  Stargate  
  31  4:12  Stargate  
  31  4:16  Pylon  
  31  4:19  Probe (Chrono Boost)  
  32  4:24  Probe (Chrono Boost)  
  33  4:31  Probe (Chrono Boost)  
  33  4:36  Probe (Chrono Boost), Pylon  
  35  4:40  Probe (Chrono Boost)  
  35  4:42  Probe (Chrono Boost)  
  35  4:44  Photon Cannon  
  37  4:45  Probe  
  39  4:53  Assimilator  
  39  4:55  Probe  
  39  4:58  Assimilator  
  39  5:00  Phoenix (Chrono Boost)  
  39  5:04  Phoenix (Chrono Boost)  
  43  5:08  Probe  
  43  5:12  Probe  
  45  5:20  Probe  
  46  5:23  Phoenix (Chrono Boost)  
  46  5:26  Phoenix (Chrono Boost)  
  50  5:30  Probe  
  50  5:32  Probe  
  52  5:42  Probe, Pylon  
  53  5:44  Probe  
  53  5:45  Oracle  
  53  5:46  Oracle  
  60  5:54  Probe  
  60  5:56  Probe  
  62  6:11  Probe  
  62  6:12  Probe  
  64  6:23  Probe  
  64  6:24  Probe  
  66  6:36  Probe x2  
  68  6:43  Stargate  
  68  6:46  Fleet Beacon  
  68  6:54  Nexus  
  68  6:55  Probe x2  
  68  6:57  Protoss Air Weapons Level 1, Pylon  
  70  7:14  Pylon x2  
  70  7:15  Probe x2  
  76  7:16  Pylon  
  76  7:19  Pylon x2  
  76  7:20  Oracle x2 (Chrono Boost)  
  76  7:21  Pylon  
  76  7:22  Pylon  
  76  7:29  Pylon  
  78  7:32  Probe x2, Pylon  
  78  7:35  Oracle (Chrono Boost)  
  83  7:44  Probe x2  
  83  7:50  Anion Pulse-Crystals  
  85  7:52  Phoenix x2  
  85  7:56  Probe x2  
  91  8:06  Pylon  
  91  8:07  Probe  
  91  8:08  Probe x2  
  96  8:19  Probe  
  97  8:20  Probe x2  
  97  8:21  Oracle x2  
  97  8:31  Probe  
  97  8:32  Probe x2  
  78  8:53  Probe x3  
  79  8:58  Oracle  
  82  9:08  Probe  
  83  9:15  Probe x2  
  85  9:21  Probe  
  86  9:27  Probe  
Show
View Real Time Build Order
Export as new Build Order

WAZPINATOR Zerg - Winner!

Build Orders: Hatch First 

Get SALT Encoding   

  12  0:00  Drone  
  13  0:12  Overlord  
  13  0:17  Drone  
  14  0:31  Drone x2  
  17  0:35  Drone  
  17  0:55  Hatchery  
  17  0:57  Drone  
  17  1:01  Drone  
  18  1:05  Extractor  
  17  1:18  Spawning Pool, Drone  
  16  1:23  Drone  
  18  1:31  Drone  
  19  1:39  Drone  
  20  1:49  Drone  
  21  1:56  Evolution Chamber  
  20  2:03  Drone  
  21  2:08  Queen  
  21  2:09  Queen  
  21  2:13  Drone x2  
  27  2:17  Drone  
  28  2:25  Overlord  
  28  2:32  Zerg Melee Weapons Level 1  
  28  2:45  Drone  
  28  2:50  Hatchery  
  28  2:56  Drone x4  
  32  3:03  Drone x2  
  34  3:10  Metabolic Boost  
  34  3:18  Drone x2  
  36  3:26  Overlord x2  
  36  3:36  Hatchery  
  36  3:39  Drone  
  36  3:46  Zergling x6  
  39  3:53  Zergling x2  
  39  3:54  Zergling x2  
  39  3:55  Zergling x4  
  42  3:56  Zergling x2  
  44  4:04  Drone x2  
  44  4:06  Zergling x2  
  47  4:14  Zergling x6  
  47  4:16  Zergling x4  
  52  4:22  Zergling x2  
  53  4:24  Drone x4  
  53  4:26  Zergling x2  
  58  4:37  Overlord x2  
  58  4:48  Zergling x12  
  64  4:56  Zergling x14  
  64  4:59  Zergling x2  
  71  5:04  Zergling x2  
  72  5:07  Zergling x4  
  72  5:12  Zergling x2  
  72  5:18  Zergling x2  
  72  5:19  Zergling x4  
  76  5:21  Zergling x8  
  76  5:28  Zergling x2  
  79  5:29  Zergling x2  
  79  5:30  Zergling x2  
  79  5:32  Zergling x2  
  78  5:39  Zergling x2  
  78  5:42  Zergling x6  
  79  5:49  Zergling x4  
  76  5:50  Zergling x2  
  76  5:56  Zergling x2  
  75  6:00  Zergling x6  
  75  6:03  Zergling x2  
  68  6:12  Zergling x2  
  68  6:13  Zergling x14  
  75  6:18  Zergling x2  
  75  6:19  Zergling x2  
  75  6:22  Zergling x4  
  74  6:26  Zergling x2  
  74  6:31  Zergling x2  
  69  6:33  Zergling x4  
  69  6:42  Zergling x8  
  69  6:44  Zergling x6  
  73  6:53  Zergling x2  
  73  6:54  Zergling x4  
  61  7:04  Zergling x8  
  62  7:09  Drone  
  62  7:12  Drone  
  64  7:18  Zergling x6  
  68  7:22  Zergling x2  
  68  7:33  Zergling x20  
  68  7:36  Zergling x2  
  74  7:44  Zergling x10  
  74  7:47  Zergling x2  
  77  7:52  Zergling x2  
  77  7:56  Zergling x2  
  77  7:57  Zergling x2  
  80  7:58  Zergling x2  
  80  8:01  Zergling x8  
  80  8:02  Zergling x2  
  80  8:03  Zergling x2  
  80  8:05  Zergling x2  
  79  8:11  Zergling x2  
  79  8:16  Zergling x2  
  79  8:17  Zergling x2  
  80  8:25  Zergling x2  
  79  8:29  Zergling x2  
  79  8:34  Zergling x6  
  79  8:37  Zergling x4  
  79  8:38  Zergling x2  
  79  8:40  Zergling x2  
  79  8:48  Zergling x2  
  71  8:50  Zergling x6  
  71  8:52  Zergling x6  
  72  8:56  Zergling x2  
  72  9:00  Zergling x2  
  69  9:07  Zergling x4  
  70  9:10  Zergling x2  
  70  9:12  Zergling x4  
  70  9:13  Zergling x2  
  70  9:29  Zergling x2  
  70  9:30  Zergling x8  
Show
View Real Time Build Order
Export as new Build Order

StickLane Protoss - Winner!

Build Orders:  

Get SALT Encoding   

  12  0:00  Probe  
  13  0:12  Probe  
  14  0:19  Pylon  
  14  0:24  Probe  
  15  0:39  Probe  
  16  0:43  Gateway  
  16  0:51  Probe  
  17  1:03  Probe  
  18  1:04  Gateway  
  18  1:08  Gateway  
  18  1:16  Probe, Pylon  
  19  1:29  Zealot (Chrono Boost)  
  20  1:37  Cybernetics Core  
  20  1:43  Probe  
  20  1:53  Zealot (Chrono Boost)  
  22  1:55  Zealot (Chrono Boost)  
  24  2:17  Probe  
  24  2:20  Assimilator  
  25  2:24  Assimilator  
  25  2:31  Probe  
  25  2:33  Pylon  
  26  2:59  Forge  
  26  3:02  Gateway  
  26  3:05  Probe  
  27  3:06  Pylon  
  27  3:20  Nexus  
  27  3:24  Probe  
  28  3:34  Pylon  
  28  3:36  Probe  
  28  3:38  Photon Cannon  
  29  3:48  Probe  
  30  3:56  Pylon  
  30  4:00  Probe  
  29  4:12  Probe  
  29  4:15  Stargate  
  30  4:18  Stargate  
  30  4:24  Probe (Chrono Boost)  
  30  4:27  Photon Cannon  
  31  4:37  Probe (Chrono Boost)  
  33  4:40  Probe (Chrono Boost)  
  33  4:45  Probe (Chrono Boost)  
  34  4:48  Probe (Chrono Boost)  
  36  4:53  Probe (Chrono Boost)  
  36  4:54  Probe (Chrono Boost)  
  37  5:02  Probe (Chrono Boost)  
  39  5:09  Probe (Chrono Boost)  
  39  5:18  Nexus  
  39  5:21  Pylon  
  39  5:25  Void Ray (Chrono Boost)  
  39  5:27  Probe x2  
  45  5:39  Probe (Chrono Boost)  
  45  5:40  Probe (Chrono Boost)  
  51  5:45  Void Ray  
  52  5:51  Probe (Chrono Boost)  
  52  5:52  Assimilator, Probe (Chrono Boost)  
  52  5:56  Probe (Chrono Boost)  
  52  5:57  Assimilator, Probe (Chrono Boost)  
  53  6:14  Probe  
  53  6:15  Probe  
  53  6:24  Pylon  
  53  6:26  Pylon  
  53  6:27  Probe (Chrono Boost)  
  53  6:29  Probe (Chrono Boost), Pylon  
  55  6:33  Probe (Chrono Boost)  
  55  6:36  Fleet Beacon  
  56  6:40  Stargate, Pylon  
  56  6:42  Probe (Chrono Boost), Pylon  
  56  6:44  Probe (Chrono Boost)  
  58  6:49  Cybernetics Core  
  58  6:52  Probe (Chrono Boost)  
  59  6:55  Probe (Chrono Boost)  
  59  6:58  Pylon  
  59  6:59  Photon Cannon, Probe (Chrono Boost)  
  61  7:05  Probe (Chrono Boost)  
  61  7:06  Probe (Chrono Boost)  
  64  7:08  Probe (Chrono Boost)  
  64  7:10  Probe (Chrono Boost)  
  64  7:14  Probe  
  66  7:19  Probe  
  66  7:22  Probe  
  68  7:26  Probe  
  69  7:31  Probe  
  69  7:33  Protoss Air Weapons Level 1 (Chrono Boost)  
  69  7:34  Probe  
  69  7:36  Void Ray x2  
  83  7:38  Void Ray  
  83  7:42  Probe  
  83  7:43  Probe  
  85  7:50  Assimilator  
  85  7:52  Probe  
  85  7:54  Assimilator  
  85  7:56  Photon Cannon  
  86  8:00  Pylon  
  86  8:09  Flux Vanes  
  86  8:19  Nexus, Pylon  
  86  8:20  Pylon  
  86  8:22  Twilight Council  
  86  8:23  Probe x3, Pylon  
  86  8:24  Pylon  
  89  8:32  Carrier  
  95  8:35  Probe  
  95  8:38  Probe  
  98  8:45  Carrier  
  98  8:47  Probe  
  96  9:52  Assimilator  
Show
View Real Time Build Order
Export as new Build Order

MechMyDay Terran - Winner!

Build Orders:  

Get SALT Encoding   

  12  0:00  SCV  
  13  0:16  SCV  
  14  0:24  Supply Depot  
  15  0:28  SCV  
  15  0:45  SCV  
  15  0:47  Barracks  
  16  0:50  Refinery  
  16  0:58  SCV  
  17  1:16  SCV  
  18  1:31  SCV  
  19  1:36  Marine  
  20  1:40  Bunker  
  20  1:43  SCV  
  21  1:54  Marine  
  18  2:11  Marine  
  17  2:21  Orbital Command  
  16  2:29  Marine  
  17  2:31  Supply Depot  
  17  2:42  Command Center  
  17  2:47  Marine  
  17  2:49  SCV  
  19  3:03  SCV  
  20  3:15  SCV  
  20  3:19  Marine  
  22  3:26  Barracks  
  22  3:27  SCV  
  23  3:43  Marine  
  23  3:48  Barracks  
  20  4:05  Orbital Command  
  20  4:09  SCV  
  21  4:21  Barracks Tech Lab, SCV  
  21  4:23  Marine  
  23  4:33  SCV  
  23  4:35  Factory  
  24  4:40  Barracks Reactor  
  24  4:42  Refinery  
  24  4:54  Marine  
  24  4:55  Marine  
  24  4:58  Stimpack  
  24  4:59  SCV x2  
  28  5:07  Supply Depot  
  28  5:12  SCV x2  
  30  5:16  Marauder  
  30  5:17  Marine x2  
  30  5:20  Factory Reactor  
  34  5:21  Starport  
  34  5:24  Supply Depot  
  34  5:25  SCV x2  
  36  5:37  SCV  
  36  5:38  Barracks Reactor  
  37  5:47  Marine x2  
  37  5:48  Marauder  
  37  5:49  SCV x2  
  43  5:54  Refinery  
  43  5:55  Refinery  
  43  6:03  SCV x2  
  45  6:04  Engineering Bay  
  45  6:06  Engineering Bay  
  45  6:15  SCV  
  45  6:16  Medivac x2, SCV  
  51  6:19  Marine x4  
  51  6:22  Marauder  
  57  6:29  Supply Depot  
  57  6:34  Missile Turret  
  57  6:36  Missile Turret  
  57  6:38  Terran Infantry Weapons Level 1  
  57  6:41  Terran Infantry Armor Level 1  
  57  6:51  SCV x2  
  57  6:53  Marine x4  
  63  6:54  Combat Shield  
  63  7:12  Marauder  
  63  7:13  SCV  
  66  7:25  SCV x2  
  66  7:26  Marine x2  
  70  7:31  Command Center  
  70  7:32  Marine x2  
  70  7:33  Marauder, Missile Turret  
  74  7:37  Barracks  
  74  7:48  Medivac x2  
  74  7:50  SCV x2  
  80  7:55  Marine x4  
  84  8:06  SCV x2  
  86  8:34  Marine  
  86  8:35  Marine  
  86  8:36  Marine  
  83  8:59  Marine x3  
  83  9:00  Marauder, Marine  
  89  9:04  Barracks Tech Lab  
  89  9:06  Factory Reactor  
  89  9:07  Barracks x3  
  85  9:14  Orbital Command, SCV  
  85  9:15  SCV  
  87  9:20  Refinery  
  87  9:21  Refinery  
  87  9:24  Armory  
  87  9:26  SCV  
  87  9:30  SCV  
  89  9:38  SCV  
Tags
 
Add a new tag
Caveats
  • Supply blocks, unpowered buildings, or Contaminate may cause inaccurate times.
  • Supply counts are checked every 10 seconds.